 Dungeon Crawl Stone Soup version 0.31.0-11-ge490571c62 (webtiles) character file.

Game seed: 8219195568443616054

13 JavaGenius the Grasshopper (level 2, -11/14 HPs)
             Began as a Spriggan Warper on Jan 29, 2024.
             Mangled by an iguana (12 damage)
             ... on level 4 of the Dungeon.
             The game lasted 00:00:41 (276 turns).

JavaGenius the Grasshopper (Spriggan Warper)         Turns: 276, Time: 00:00:41

Health: -11/14     AC:  2    Str:  7    XL:     2   Next: 24%
Magic:  7/7        EV: 18    Int: 14    God:
Gold:   21         SH:  0    Dex: 14    Spells: 7/7 levels left

rFire   . . .        a - +0 mace
rCold   . . .        (no shield)
rNeg    . . .        b - +0 robe
rPois   .            (helmet restricted)
rElec   .            (no cloak)
rCorr   .            (gloves unavailable)
SInv    +            (boots unavailable)
Will    .....        (no amulet)
Stlth   +            (no ring)
HPRegen 0.22/turn    (no ring)
MPRegen 0.10/turn

%: no passive effects
@: very quick
A: very small, no large weapons, unfitting armour, see invisible, speed 3
a: no special abilities


You were on level 4 of the Dungeon.
You visited 1 branch of the dungeon, and saw 4 of its levels.

You collected 21 gold pieces.

Inventory:

Hand Weapons
 a - a +0 mace (weapon)
Missiles
 d - 7 darts of dispersal (quivered)
Armour
 b - a +0 robe (worn)
Scrolls
 c - a scroll of blinking
 e - a scroll of teleportation {unknown}


   Skills:
 + Level 1.6 Fighting
 + Level 1.4 Maces & Flails
 + Level 1.0 Throwing
 + Level 3.8 Dodging
 + Level 0.2 Stealth
 + Level 3.1 Spellcasting
 + Level 4.4 Translocations


You had 7 spell levels left.
You didn't know any spells.
Your spell library contained the following spells:

 Spells                   Type           Power      Damage    Failure   Level
 Blink                    Tloc           28%        N/A       5%          2
 Lesser Beckoning         Tloc           28%        N/A       5%          2
 Teleport Other           Tloc           14%        N/A       11%         3
 Manifold Assault         Tloc           14%        N/A       34%         4
 Vhi's Electric Charge    Tloc/Air       16%        N/A       65%         4


Dungeon Overview and Level Annotations

Branches:
Dungeon (4/15)
 Temple: D:4-7

Altars:


Innate Abilities, Weirdness & Mutations

You are very small and have problems with some larger weapons.
You are too small for most types of armour.
You have supernaturally acute eyesight. (SInv)
You cover ground extremely quickly. (Speed+++)


Message History

Found a stone staircase leading down.
A dart slug comes into view.
Found 2 stones.
Found a stone staircase leading up.
The kobold throws a stone.
The stone misses you.
There is a stone staircase leading down here.
You climb downwards.
There is a stone staircase leading up here.
An iguana comes into view.
An iguana is nearby!
An iguana is nearby!
An iguana is nearby!
An iguana is nearby!
An iguana is nearby!
A kobold comes into view. It is wielding a +0 dagger.
The iguana hisses angrily.
You closely miss the iguana. The iguana barely misses you. x2
You completely miss the iguana. The iguana misses you.
You hit the iguana but do no damage. The iguana bites you!
Ouch! That really hurt!
* * * LOW HITPOINT WARNING * * *
You are too injured to fight recklessly!
You are too injured to fight recklessly!
You are too injured to fight recklessly!
You are too injured to fight recklessly!
You are too injured to fight recklessly!
You are too injured to fight recklessly!
You are too injured to fight recklessly!
Unknown command.
You are too injured to fight recklessly!
You are too injured to fight recklessly!
Unknown command.
You are too injured to fight recklessly!
The kobold hits you with a +0 dagger.
* * * LOW HITPOINT WARNING * * *
You hit the kobold.
You kill the kobold!
The iguana completely misses you. The iguana attacks as it pursues you!
The iguana bites you!
Ouch! That really hurt!
You die...

.#.. #.#.. .....
############.....
.................
..............#
............#.##
........l@.....+
.......###.##.##
....... #.#
....... #.#
####### #<# ###


You could see an iguana.

Vanquished Creatures
  A dart slug (D:2)
  A bat (D:2)
  A giant cockroach (D:3)
  4 jackals (D:1)
  A kobold (D:4)
  A rat (D:2)
9 creatures vanquished.

Notes
Turn   | Place    | Note
-------+----------+-------------------------------------------
     0 | D:1      | JavaGenius the Spriggan Warper began the quest for the Orb.
     0 | D:1      | Reached XP level 1. HP: 10/10 MP: 5/5
   129 | D:2      | Reached XP level 2. HP: 14/14 MP: 7/7
   276 | D:4      | Mangled by an iguana

Illustrated notes

Levels and vault maps discovered:
D:1:      tarquinn_simple_flora_water_d, layout_loops_ring,
          chequers_serial_rivers_small_a, eino_curves_01,
          hangedman_decor_points, dk_noncrumbling_2, minmay_pentomino_q4
D:2:      layout_loops_ring, serial_shops, nicolae_shop_scrapyard,
          bh_walls_and_bars
D:3:      layout_loops_corners, nicolae_overflow_crystal_walls,
          gammafunk_temple_overflow_arena, uniq_crazy_yiuf_cottage,
          uniq_natasha, uniq_jessica
D:4:      layout_basic, serial_shops, shop

Skill      XL: |  1 |
---------------+----+-----
Spellcasting   | 3 |  3.1
Fighting       | |  1.6
Maces & Flails | |  1.4
Throwing       | |  1.0
Dodging        | |  3.8
Stealth        | |  0.2
Translocations | |  4.4

Action                     || total
---------------------------++-------
  Melee: Mace              ||    32
         Punch             ||     1
   Stab: Sleeping          ||     1
 Armour: Robe              ||    14
  Dodge: Dodged            ||    32
